 Dungeon Crawl Stone Soup version 0.20-a0-309-gcba9277 (webtiles) character file.

754 Leibowitz the Cutter (level 7, -1/57 HPs)
             Began as a Demigod Gladiator on Dec 19, 2016.
             Killed from afar by a crimson imp (4 damage)
             ... with a wand of flame (?/48)
             ... on level 6 of the Dungeon.
             The game lasted 00:11:10 (4610 turns).

Leibowitz the Cutter (Demigod Gladiator)            Turns: 4610, Time: 00:11:11

Health: -1/57      AC:  7    Str: 23    XL:     7   Next: 25%
Magic:  9/9        EV: 15    Int: 12    God:
Gold:   253        SH:  0    Dex: 24    Spells: 6/6 levels left

rFire  . . .     SeeInvis .     a - +1 dagger (venom)
rCold  . . .     Gourm    .     b - +0 leather armour
rNeg   . . .     Faith    .     (no shield)
rPois  .         Spirit   .     C - +2 hat
rElec  .         Reflect  .     F - +0 cloak
rCorr  .         Harm     .     E - +0 pair of gloves
MR     .....                    (no boots)
Stlth  +++.......               (no amulet)
                                p - +5 ring of strength
                                x - +4 ring of dexterity

@: no status effects
A: high mp 1
a: no special abilities


You were on level 6 of the Dungeon.
You were not hungry.

You visited 1 branch of the dungeon, and saw 5 of its levels.

You collected 253 gold pieces.

Inventory:

Hand Weapons
 a - a +1 dagger of venom (weapon)
 s - a +0 short sword of holy wrath
 t - a +0 rapier
Missiles
 u - 3 javelins of penetration (quivered)
Armour
 b - a +0 leather armour (worn)
 c - a +0 helmet
 C - a +2 hat (worn)
 E - a +0 pair of gloves (worn)
 F - a +0 cloak (worn)
Jewellery
 p - a +5 ring of strength (right hand)
 x - a +4 ring of dexterity (left hand)
Wands
 e - a wand of slowing (16/48)
Scrolls
 g - 2 scrolls of recharging {unknown}
 h - 3 scrolls of teleportation {unknown}
 i - 3 scrolls of identify {unknown}
 k - 3 scrolls of remove curse {unknown}
 m - a scroll of random uselessness {unknown}
 n - a scroll of enchant armour {unknown}
 o - a scroll of enchant weapon {unknown}
 w - a scroll of fear {unknown}
 y - a scroll of vulnerability {unknown}
 D - a scroll of immolation {unknown}
Potions
 l - 4 potions of agility
 q - a potion of brilliance {unknown}
 v - a potion of flight {unknown}
 A - 2 potions of resistance {unknown}
Comestibles
 f - 5 bread rations
 j - 5 meat rations
 r - 2 slices of pizza
 z - 2 royal jellies
 B - 5 chunks of flesh


   Skills:
 + Level 3.2 Fighting
 + Level 5.3 Short Blades
 + Level 1.7 Throwing
 + Level 2.3 Armour
 + Level 3.9 Dodging
 * Level 3.8 Stealth


You had 6 spell levels left.
You didn't know any spells.

Dungeon Overview and Level Annotations

Branches:
Dungeon (4/15)
 Temple: D:4-7


Innate Abilities, Weirdness & Mutations

You have an increased reservoir of magic. (+10% MP)


Message History

You hit the orc warrior but do no damage.
The orc warrior looks as sick as possible!
The orc warrior is severely wounded.
The orc misses you.
The orc warrior struggles against the net.
You hit the orc warrior but do no damage.
The orc warrior is severely wounded.
The orc closely misses you.
You hit the orc warrior but do no damage.
The orc warrior is almost dead.
The orc warrior struggles against the net.
You hit the orc warrior.
You kill the orc warrior!
The orc hits you with a club.
* * * LOW HITPOINT WARNING * * *
You closely miss the orc. The crimson imp hits you.
* * * LOW HITPOINT WARNING * * *
The orc barely misses you.
The crimson imp zaps a wand.
The puff of flame hits you!
You die...

........####...)..#
######'##..####'###
.#.....'.........# ###
.#.....#.........# .....#
.#?....##...##..## .....#
##....##...##...# .....#
#....#.........# #.....#
#....##........# ##......#
#....##.......@####.......#
.........(.....)'o.........#
.................#5.........#
##################..........#
##########..


You could see a crimson imp and an orc.

Vanquished Creatures
  Edmund (D:6)
  An orc warrior (D:6)
  A black bear (D:4)
  A bullfrog (D:6)
  An orc priest (D:2)
  3 hounds
  A worker ant (D:4)
  Natasha (thrice) (D:3)
  A hound skeleton (D:4)
  7 adders
  3 worms (D:3)
  A dart slug (D:1)
  A leopard gecko (D:3)
  15 orcs
  5 bats
  A giant cockroach (D:2)
  4 goblins
  10 hobgoblins
  9 jackals
  A quokka (D:3)
  2 frilled lizards (D:1)
  A jackal skeleton (D:4)
  13 kobolds
  6 rats
92 creatures vanquished.

Notes
Turn   | Place    | Note
-------+----------+-------------------------------------------
     0 | D:1      | Leibowitz the Demigod Gladiator began the quest for the Orb.
     0 | D:1      | Reached XP level 1. HP: 17/17 MP: 3/3
   540 | D:1      | Reached XP level 2. HP: 24/24 MP: 4/4
   681 | D:1      | Reached skill level 1 in Stealth
   682 | D:1      | Reached skill level 3 in Short Blades
   925 | D:2      | Found a burning altar of Makhleb.
   945 | D:2      | Reached skill level 1 in Armour
   945 | D:2      | Reached XP level 3. HP: 18/29 MP: 5/5
  1293 | D:2      | Found a deep blue altar of Sif Muna.
  1356 | D:2      | Reached XP level 4. HP: 33/36 MP: 6/6
  1403 | D:2      | Found a shimmering altar of Xom.
  2090 | D:3      | Noticed a hand axe
  2091 | D:3      | Noticed a hand axe
  2091 | D:3      | Found a hide-covered altar of Uskayaw.
  2477 | D:3      | Reached XP level 5. HP: 30/42 MP: 7/7
  2851 | D:3      | Found a snail-covered altar of Cheibriados.
  2994 | D:3      | Noticed Natasha
  3001 | D:3      | Killed Natasha
  3001 | D:3      | Reached skill level 4 in Short Blades
  3528 | D:3      | Noticed Natasha
  3537 | D:3      | Killed Natasha
  3548 | D:3      | Noticed Natasha
  3554 | D:3      | Killed Natasha
  3691 | D:4      | Found a glowing golden altar of the Shining One.
  3741 | D:4      | Reached XP level 6. HP: 46/50 MP: 8/8
  4105 | D:4      | You fall through a shaft for 2 floors!
  4376 | D:6      | Noticed Edmund
  4390 | D:6      | Killed Edmund
  4508 | D:6      | Reached skill level 5 in Short Blades
  4508 | D:6      | Reached XP level 7. HP: 35/57 MP: 9/9
  4610 | D:6      | Killed from afar by a crimson imp

Vault maps used:
D:1:      dpeg_chamrin_arrival_tetris, hex_intersection
D:2:      lemuel_doored_altar, lemuel_round_altar, first_bread,
          makhleb_heckhound_becter
D:3:      corexii_shack_village, dancing_weapons_uskayaw, marbit_many_paths,
          serial_glass, glass_columns_a, glass_columns_c, glass_columns_c,
          glass_columns_a, glass_columns_a, glass_columns_a, glass_columns_c,
          glass_columns_b, glass_columns_a, glass_columns_c, glass_columns_a,
          glass_columns_a, glass_columns_a, glass_columns_c, st_stairs_5,
          uniq_natasha
D:4:      black_bear_nest_1, nicolae_overflow_hidden_temple, st_stairs_5
D:6:      grunt_temple_overflow_lords_of_destruction, okawaru_metal_pillars_1_2,
          portal_sewer_entry_e, uniq_edmund

Skill      XL: |  1  2  3  4  5  6 |
---------------+-------------------+-----
Stealth        | 1 2 3 |  3.8
Short Blades   | 3 4 5 |  5.3
Fighting       | 2 3 |  3.2
Armour         | 1 2 |  2.3
Dodging        | 3 |  3.9
Throwing       | |  1.7

Action                   |  1- 3 |  4- 6 |  7- 9 || total
-------------------------+-------+-------+-------++-------
Melee: Rapier            |   112 |    66 |       ||   178
       Short sword       |       |     6 |       ||     6
       Dagger            |       |   155 |    27 ||   182
Throw: Throwing net      |     1 |     1 |     2 ||     4
  Use: Potion            |       |     2 |       ||     2
 Stab: Sleeping          |     3 |     9 |       ||    12
       Held in net/web   |     1 |     1 |       ||     2
  Eat: Chunk             |     1 |    10 |     1 ||    12
Armor: Leather armour    |    20 |    36 |     5 ||    61
Dodge: Dodged            |   106 |   179 |    19 ||   304
